 Dungeon Crawl Stone Soup version 0.26-a0-830-g2a559e7be2 (webtiles) character file.

Game seed: 16967026384336739712

22 Froggeryz the Ruffian (level 2, 0/25 HPs)
             Began as a Naga Transmuter on Nov 15, 2020.
             Slain by an adder (4 damage)
             ... on level 2 of the Dungeon.
             The game lasted 00:01:21 (874 turns).

Froggeryz the Ruffian (Naga Transmuter)              Turns: 874, Time: 00:01:22

Health: 0/25       AC:  1    Str: 12    XL:     2   Next: 91%
Magic:  4/5        EV:  9    Int: 13    God:
Gold:   96         SH:  0    Dex: 11    Spells: 4/5 levels left

rFire    . . .     SeeInvis +     - Unarmed
rCold    . . .     Faith    .   (no shield)
rNeg     . . .     Spirit   .   a - +0 robe
rPois    +         Reflect  .   (helmet currently unavailable)
rElec    .         Harm     .   (no cloak)
rCorr    .         Rampage  .   (no gloves)
MR       .....                  (no barding)
Stlth    +.........             (no amulet)
HPRegen  0.08/turn              (no ring)
MPRegen  0.09/turn              (no ring)

@: appendages, drained, very slow
A: large, horns 2, see invisible, deformed body, poison resistance, slowness 2,
spit poison 1, AC +0
a: Spit Poison, End Transformation


You were on level 2 of the Dungeon.
You had grown temporary horns.
You visited 1 branch of the dungeon, and saw 2 of its levels.

You collected 96 gold pieces.

Inventory:

Armour
 a - a +0 robe (worn)
Jewellery
 f - an uncursed ring of protection from fire {unknown}
Potions
 c - a potion of curing {unknown}
 d - a potion of degeneration {unknown}
 e - a potion of heal wounds {unknown}


   Skills:
 - Level 1.0(0.2) Fighting
 - Level 1.5(0.8) Dodging
 * Level 4.0(3.2) Unarmed Combat
 - Level 2.0(1.2) Spellcasting
 + Level 2.1(1.3) Transmutations


You had 4 spell levels left.
You knew the following spells:

 Your Spells              Type           Power        Failure   Level
a - Beastly Appendage     Tmut           #.....       16%         1

Your spell library contained the following spells:

 Spells                   Type           Power        Failure   Level
 Wereblood                Tmut           #.......     24%         2
 Spider Form              Tmut/Pois      #.........   54%         3
 Ice Form                 Ice/Tmut       #.......     91%         4
 Blade Hands              Tmut           #.........   99%         5


Dungeon Overview and Level Annotations

Branches:
Dungeon (2/15)

Altars:


Innate Abilities, Weirdness & Mutations

You cannot wear boots.
Your serpentine skin is tough. (AC +0)
You have supernaturally acute eyesight. (SInv)
Armour fits poorly on your strangely shaped body.
Your system is resistant to poisons. (rPois)
You cover ground very slowly.
You can spit poison.
You have a pair of horns on your head.


Message History

The goblin hits you with a +1 dagger of draining.
You feel drained.
You hit the goblin.
You kill the goblin!
The bat hits you but does no damage.
Your base Unarmed Combat skill increases to level 4!
The bat barely misses you. The adder bites you.
The giant cockroach barely misses you. The adder bites you.
* * * LOW HITPOINT WARNING * * *
The giant cockroach barely misses you.
Things that are here:
a +1 dagger of draining; 13 gold pieces
As you read the scroll labelled WIOCWA OPTEISK, it crumbles to dust.
You feel aware of your surroundings.
You sensed 3 altars.
It was a scroll of magic mapping.
You have got your breath back.
The bat hits you.
* * * LOW HITPOINT WARNING * * *
The adder bites you.
You die...

####** *,,,,,,,, #..,,* *,,,,,,,,
#.#*,## *,,,,,,,, ####.#*,.#
*,,,,,,,, #..).###.#####
*,,,,,,,, #.##.........#
*,,,,,,,, ### ####.##.........#
****,,,**
..#####....##...B.....## *,,*,**
#.......#####(.S@......# *,**,,*
#######.........b......# **,***,,
.#****..#####..........# *,,* **<
...,,...#***#..........#**,** *,
...*#....**.............,,,* *,
...##.##.,..##........##*,,** *,
......,,>...,...........,,,,* *,
...,,,**###*###......###**,,****,
*,.,*** ***,,*,,,,* *,,,,,,,


You could see an adder, a giant cockroach and a bat.

Vanquished Creatures
  2 giant cockroaches (D:1)
  5 goblins
  3 hobgoblins (D:1)
  3 kobolds
  3 bats (D:1)
  2 rats (D:1)
18 creatures vanquished.

Notes
Turn   | Place    | Note
-------+----------+-------------------------------------------
     0 | D:1      | Froggeryz the Naga Transmuter began the quest for the Orb.
     0 | D:1      | Reached XP level 1. HP: 18/18 MP: 3/3
   291 | D:1      | Reached XP level 2. HP: 25/25 MP: 5/5
   873 | D:2      | Reached skill level 4 in Unarmed Combat
   874 | D:2      | Slain by an adder

Illustrated notes

Levels and vault maps discovered:
D:1:      matt_arrival_los_fun, layout_basic, corexii_corridor_pit
D:2:      layout_rooms, grunt_temple_overflow_open, bloody_makhleb

Skill      XL: |  1  2 |
---------------+-------+-----
Unarmed Combat | 4 |  4.0
Fighting       | |  1.0
Dodging        | |  1.5
Spellcasting   | |  2.0
Transmutations | |  2.1

Action                   || total
-------------------------++-------
Melee: Unarmed           ||    39
       Headbutt          ||     1
 Cast: Beastly Appendage ||     4
 Abil: Spit Poison       ||    12
  Use: Scroll            ||     1
Armor: Robe              ||     6
Dodge: Dodged            ||    29

Table legend: (Time is in decaauts)
 A = Elapsed time spent in this place.
 B = Non-inter-level travel time spent in this place.
 C = Inter-level travel time spent in this place.
 D = Time resting spent in this place.
 E = Time spent auto-exploring this place.
 F = Levels seen in this place.
 G = Mean time per level.
                   A        B        C        D        E       F      G
               +--------+--------+--------+--------+--------+-----+--------+
         Total |   1071 |   1043 |     28 |    146 |    773 |   2 |  535.5 |
       Dungeon |   1071 |   1043 |     28 |    146 |    773 |   2 |  535.5 |
               +--------+--------+--------+--------+--------+-----+--------+

Top non-repeatable levels by time:
     D:1: 965 daAuts
     D:2: 106 daAuts
